 Dungeon Crawl Stone Soup version 0.28-a0-8-g6e044cfa68 (webtiles) character file.

Game seed: 3249899260380925486

16 Spaninq the Chiller (level 2, 0/19 HPs)
             Began as a Merfolk Ice Elementalist on July 24, 2021.
             Was a Follower of Nemelex Xobeh.
             Slain by Sigmund (13 damage)
             ... on level 2 of the Dungeon.
             The game lasted 00:03:00 (1107 turns).

Spaninq the Chiller (Merfolk Ice Elementalist)      Turns: 1107, Time: 00:03:00

Health: 0/19       AC:  2    Str:  8    XL:     2   Next: 54%
Magic:  5/5        EV: 12    Int: 14    God:    Nemelex Xobeh [*.....]
Gold:   40         SH:  0    Dex: 14    Spells: 4/5 levels left

rFire   . . .      SeeInvis .   d - +1 war axe (elec)
rCold   . . .      Faith    .   (no shield)
rNeg    . . .      Spirit   .   a - +0 robe
rPois   .          Reflect  .   (no helmet)
rElec   .          Harm     .   (no cloak)
rCorr   .          Rampage  .   (no gloves)
Will    .....                   (no boots)
Stlth   ++........              i - amulet of the acrobat
HPRegen 0.06/turn               (no ring)
MPRegen 0.09/turn               (no ring)

@: no status effects
A: (nimble swimmer 2), mertail
a: Renounce Religion, Draw Escape, Draw Destruction, Draw Summoning


You were on level 2 of the Dungeon.
You worshipped Nemelex Xobeh.
Nemelex Xobeh was aware of your devotion.
You visited 1 branch of the dungeon, and saw 2 of its levels.

You collected 40 gold pieces.

Inventory:

Hand Weapons
 d - a +1 war axe of electrocution (weapon)
Armour
 a - a +0 robe (worn)
 l - a +0 helmet
Jewellery
 f - a ring of fire
 i - an amulet of the acrobat (around neck)
Scrolls
 b - a scroll of silence
 c - a scroll of magic mapping
 e - a scroll of enchant weapon
 g - a scroll of teleportation {unknown}
 h - a scroll of amnesia {unknown}
 k - a scroll of torment {unknown}
Potions
 j - a potion of curing


   Skills:
 - Level 2.6 Dodging
 - Level 2.1 Stealth
 + Level 2.2 Spellcasting
 * Level 4.8 Ice Magic
 - Level 0.4 Invocations


You had 4 spell levels left.
You knew the following spells:

 Your Spells              Type           Power      Damage    Failure   Level
a - Freeze                Ice            60%        1d8       3%          1

Your spell library contained the following spells:

 Spells                   Type           Power      Damage    Failure   Level
 Frozen Ramparts          Ice            30%        1d5       10%         3
 Ozocubu's Armour         Ice            15%        N/A       10%         3
 Hailstorm                Conj/Ice       8%         3d4       63%         4


Dungeon Overview and Level Annotations

Branches:
Dungeon (2/15)

Altars:
Nemelex Xobeh

Annotations:
D:2 Sigmund


Innate Abilities, Weirdness & Mutations

((You are quick and stealthy near water. (Stealth+, EV+, Speed+++)))
Your lower body shifts to a powerful aquatic tail in water.


Message History

i - an amulet of the acrobat You start putting on your amulet.
You continue putting on your amulet of the acrobat. x5
You finish putting on your amulet of the acrobat.
You feel ready to tumble and roll out of harm's way.
i - an amulet of the acrobat (around neck)
j - a viscous amethyst potion
Found 16 arrows.
You now have 40 gold pieces (gained 11).
As you read the scroll of identify, it crumbles to dust.
j - a potion of curing
Found a hand axe.
Found a ring mail.
Found a scroll labelled KONLY QUFIUCW.
Found a dagger.
Found a helmet.
Found 19 arrows.
Found a stone staircase leading down.
f - a ring of fire
Found a scroll labelled QIAWAUXKUNYU.
k - a scroll labelled KONLY QUFIUCW Sigmund the Dreaded comes into view.
He is wielding a +0 scythe.
Sigmund shouts!
Sigmund drinks a potion.
Sigmund seems to speed up.
You see here a +0 helmet.
l - a +0 helmet Sigmund misses you.
Sigmund points at you and mumbles some strange words.
Keep equipping yourself? [Y]es or [N]o only, please.
Keep equipping yourself?
You stop putting on your armour.
You resist with significant effort.
A hobgoblin comes into view.
The hobgoblin shouts!
Sigmund misses you.
Okay, then.
You barely miss Sigmund. Sigmund hits you with a +0 scythe.
Sigmund hits you with a +0 scythe!
Ouch! That really hurt!
You die...
Your body disappears without a glow.

# ... ... ..#. #.####.#
... .... #....#.# ##
#.g..#####...###########
..........(............
#...######.###.#######
#..### #.# #...# # #..@.#
#.# ###.# # #...@## #.##
#.# # ##....# #..# #.###
# #. #..#.# ##.# #...###
#.# #..#.# #.# ###....
...####..#.####.## #....
#.#..........#..##....##.
#..................#####.
#.(.............#### #.
###......[........# #.


You could see Sigmund (fast) and a hobgoblin.

Vanquished Creatures
  3 ball pythons (D:1)
  4 bats (D:1)
  A giant cockroach (D:1)
  2 goblins (D:1)
  2 hobgoblins (D:1)
  A frilled lizard (D:1)
  A rat (D:1)
14 creatures vanquished.

Notes
Turn   | Place    | Note
-------+----------+-------------------------------------------
     0 | D:1      | Spaninq the Merfolk Ice Elementalist began the quest for
                  | the Orb.
     0 | D:1      | Reached XP level 1. HP: 13/13 MP: 3/3
    14 | D:1      | Found a faded altar of an unknown god.
    53 | D:1      | Became a worshipper of Nemelex Xobeh the Trickster
    53 | D:1      | Reached * piety under Nemelex Xobeh
    53 | D:1      | Received a gift from Nemelex Xobeh
   221 | D:1      | Reached XP level 2. HP: 18/19 MP: 0/5
  1101 | D:2      | Noticed Sigmund
  1107 | D:2      | Slain by Sigmund

Illustrated notes

Levels and vault maps discovered:
D:1:      minmay_arrival_jagged, layout_loops_ring,
          shapermc_ecumenical_altar_venn, hangedman_decor_peaks_small
D:2:      layout_rooms, st_stairs_8, uniq_sigmund

Action                   || total
-------------------------++-------
Melee: Unarmed           ||     8
       War axe           ||    19
 Cast: Freeze            ||     9
Invok: Draw Destruction  ||     4
  Use: Scroll            ||     4
 Stab: Sleeping          ||     1
Armor: Robe              ||    11
Dodge: Dodged            ||    39

Table legend: (Time is in decaauts)
 A = Elapsed time spent in this place.
 B = Non-inter-level travel time spent in this place.
 C = Inter-level travel time spent in this place.
 D = Time resting spent in this place.
 E = Time spent auto-exploring this place.
 F = Levels seen in this place.
 G = Mean time per level.
                   A        B        C        D        E       F      G
               +--------+--------+--------+--------+--------+-----+--------+
         Total |   1115 |   1048 |     67 |     21 |    853 |   2 |  557.5 |
       Dungeon |   1115 |   1048 |     67 |     21 |    853 |   2 |  557.5 |
               +--------+--------+--------+--------+--------+-----+--------+

Top non-repeatable levels by time:
     D:1: 1043 daAuts
     D:2: 71 daAuts
